 Dungeon Crawl Stone Soup version 0.28.0-45-g0d030f2227 (webtiles) character file.

Game seed: 9111019908546720264

12 sking99 the Insei (level 2, 12/14 HPs)
             Began as a Vine Stalker Transmuter on May 23, 2022.
             Quit the game on level 1 of the Dungeon.
             The game lasted 00:00:38 (340 turns).

sking99 the Insei (Vine Stalker Transmuter)          Turns: 340, Time: 00:00:38

Health: 12/14      AC:  2    Str: 12    XL:     2   Next: 33%
Magic:  5/6        EV: 12    Int: 13    God:
Gold:   4          SH:  0    Dex: 14    Spells: 4/5 levels left

rFire   . . .      SeeInvis .     - Unarmed
rCold   . . .      Faith    .   (no shield)
rNeg    . . .      Spirit   +   a - +0 robe
rPois   +          Reflect  .   (helmet currently unavailable)
rElec   .          Harm     .   (no cloak)
rCorr   .          Rampage  .   (no gloves)
Will    .....                   (boots currently unavailable)
Stlth   +.........              (no amulet)
HPRegen 0.04/turn               d - ring of poison resistance
MPRegen 0.10/turn               (no ring)

@: appendages (expiring)
A: horns 2, talons 2, fangs 2, magic shield, antimagic bite, no potion heal 2
a: End Transformation


You were on level 1 of the Dungeon.
You had temporarily grown beastly horns and talons.
You visited 1 branch of the dungeon, and saw 1 of its levels.

You collected 4 gold pieces.

Inventory:

Armour
 a - a +0 robe (worn)
Jewellery
 d - a ring of poison resistance (left hand)
Scrolls
 b - a scroll of teleportation {unknown}
 c - a scroll of identify {unknown}


   Skills:
 + Level 1.2 Fighting
 + Level 1.8 Dodging
 * Level 3.3 Unarmed Combat
 - Level 2.1 Spellcasting
 - Level 2.0 Transmutations


You had 4 spell levels left.
You knew the following spells:

 Your Spells              Type           Power      Damage    Failure   Level
a - Beastly Appendage     Tmut           12%        N/A       11%         1

Your spell library contained the following spells:

 Spells                   Type           Power      Damage    Failure   Level
 Wereblood                Tmut           6%         N/A       17%         2
 Spider Form              Tmut/Pois      4%         N/A       45%         3
 Ice Form                 Ice/Tmut       4%         N/A       86%         4


Dungeon Overview and Level Annotations

Branches:
Dungeon (1/15)

Altars:


Innate Abilities, Weirdness & Mutations

You have temporarily grown beastly horns and talons.
You have extremely sharp teeth.
When hurt, damage is shared between your health and your magic reserves.
Your bite disrupts and absorbs the magic of your enemies.
Potions cannot restore your health.


Message History

Confirm with . or Enter, or press ? or * to list all spells.
You grow a pair of large bovine horns.
Your feet morph into talons.
You completely miss the frilled lizard. You bite the frilled lizard.
You drain its power.
You feel invigorated.
The frilled lizard is heavily wounded.
The frilled lizard bites you.
You miss the frilled lizard. Your kick misses the frilled lizard.
You bite the frilled lizard.
You kill the frilled lizard!
You see here a frilled lizard corpse.
You start resting.
Your transformation is almost over.
Your horns disappear.
Your talons disappear.
HP restored.
A jackal comes into view.
The jackal barks!
You hear a bark!
A jackal comes into view.
A jackal comes into view.
The jackal barks!
You hear a bark!
A jackal comes into view.
The jackal moves out of view.
Casting: Beastly Appendage (safe; 11% risk of failure)
Confirm with . or Enter, or press ? or * to list all spells.
You grow a pair of large bovine horns.
Your feet morph into talons.
You hit the jackal. You claw the jackal, but do no damage.
Your headbutt misses the jackal. You bite the jackal.
You kill the jackal!
You hit the jackal but do no damage. Your kick misses the jackal.
You bite the jackal. You drain its power.
You feel invigorated.
The jackal is lightly wounded.
The jackal bites you. x2
You barely miss the jackal. Your bite misses the jackal.
The jackal is lightly wounded.
The jackal misses you.
You hit the jackal. Your headbutt misses the jackal. You bite the jackal.
You kill the jackal!
Your transformation is almost over.
Are you sure you want to abandon this character and quit the game? (Confirm with "yes".)
Okay, then.
Are you sure you want to abandon this character and quit the game? (Confirm with "yes".)

##### .... #. #...#
#....#.# #...#
....#>. +...+
...#.#####...#
#..)........+
#(..........########
+...........@hh.....
#....†...#####......
#######.###### .....
.)............. ....
###########.### ...
.....# .. ####.# #
#.# ####'######+##


You could see 2 jackals.

Vanquished Creatures
  2 bats (D:1)
  An endoplasm (D:1)
  A giant cockroach (D:1)
  A goblin (D:1)
  A hobgoblin (D:1)
  2 jackals (D:1)
  A ball python (D:1)
  A frilled lizard (D:1)
10 creatures vanquished.

Notes
Turn   | Place    | Note
-------+----------+-------------------------------------------
     0 | D:1      | sking99 the Vine Stalker Transmuter began the quest for the
                  | Orb.
     0 | D:1      | Reached XP level 1. HP: 9/9 MP: 4/4
    30 | D:1      | Reached skill level 1 in Fighting
   215 | D:1      | Reached XP level 2. HP: 14/14 MP: 6/6
   340 | D:1      | Quit the game

Illustrated notes

Levels and vault maps discovered:
D:1:      psy_arrival_dodecagon, layout_basic, basic_ecumenical_altar

Skill      XL: |  1 |
---------------+----+-----
Fighting       | 1 |  1.2
Dodging        | |  1.8
Unarmed Combat | |  3.3
Spellcasting   | |  2.1
Transmutations | |  2.0

Action                   || total
-------------------------++-------
Melee: Unarmed           ||    22
       Bite              ||     9
       Kick              ||     2
 Cast: Beastly Appendage ||     3
Armor: Robe              ||     3
Dodge: Dodged            ||    14
